Map: 2000 Atmospheres LE

Players

Reynor

  • Race: Zerg Zerg

maru - Winner!

  • Race: Terran Terran

Event: DreamHack SC2 Masters 2021 Summer

VOD

Have the link to the VOD?

Description

Time

  • Played on: July 4, 2021, 1:09 p.m.
  • Length: 18:06

All games in this series

Show
View Real Time Build Order
Export as new Build Order

Reynor Zerg 

Build Orders: Hatch First 

Get SALT Encoding   

  12  0:00  Drone  
  13  0:12  Overlord  
  13  0:16  Drone  
  14  0:30  Drone x2  
  16  0:47  Hatchery  
  15  0:51  Drone  
  15  0:54  Drone  
  17  0:57  Drone  
  18  1:07  Extractor  
  17  1:13  Spawning Pool  
  17  1:15  Drone  
  17  1:19  Drone  
  18  1:28  Drone  
  19  1:39  Drone  
  20  1:49  Overlord  
  20  1:59  Queen  
  20  2:00  Zergling x4, Queen  
  26  2:10  Drone  
  26  2:13  Drone  
  26  2:15  Metabolic Boost  
  28  2:21  Drone x2  
  30  2:32  Evolution Chamber  
  30  2:34  Spore Crawler  
  30  2:35  Drone  
  30  2:38  Spore Crawler  
  30  2:42  Hatchery  
  30  2:43  Drone  
  30  2:45  Drone  
  30  2:46  Drone  
  33  2:53  Overlord  
  33  2:56  Queen  
  35  2:58  Drone  
  36  3:08  Overlord  
  36  3:12  Drone x4  
  40  3:15  Overlord  
  40  3:23  Drone  
  40  3:25  Queen  
  40  3:26  Drone  
  44  3:32  Queen  
  46  3:35  Drone  
  46  3:37  Drone  
  48  3:44  Drone  
  48  3:47  Overlord  
  49  3:54  Zergling x4  
  51  3:57  Queen, Drone  
  54  4:03  Overlord  
  54  4:04  Drone x2  
  54  4:06  Drone  
  54  4:07  Queen, Drone  
  60  4:10  Zergling x2  
  61  4:18  Zergling x4  
  61  4:19  Drone  
  64  4:24  Lair  
  64  4:28  Drone  
  64  4:30  Spore Crawler x2  
  63  4:31  Spore Crawler, Drone  
  63  4:32  Drone  
  63  4:38  Overlord  
  64  4:39  Drone x3  
  64  4:40  Drone x4  
  64  4:45  Drone x3  
  73  4:47  Baneling Nest  
  73  4:49  Zergling x2  
  74  4:54  Overlord  
  74  4:56  Queen  
  78  5:00  Overlord, Drone x2  
  78  5:02  Drone  
  78  5:03  Drone  
  78  5:04  Extractor  
  78  5:06  Extractor  
  78  5:07  Overlord  
  78  5:09  Drone x2  
  78  5:12  Queen  
  78  5:13  Drone  
  78  5:14  Drone  
  84  5:15  Drone  
  84  5:16  Drone  
  86  5:22  Overlord  
  86  5:25  Zergling x4  
  86  5:26  Drone x2  
  86  5:27  Drone  
  91  5:30  Queen  
  92  5:37  Overlord  
  92  5:40  Drone x6  
  85  5:45  Zergling x8  
  81  5:51  Overlord  
  81  5:52  Drone x3  
  81  5:55  Zergling x2  
  85  6:02  Queen x2  
  84  6:05  Drone x2  
  86  6:11  Drone x4  
  86  6:17  Evolution Chamber  
  89  6:19  Zergling x4  
  89  6:21  Drone  
  89  6:24  Queen, Evolution Chamber  
  93  6:28  Spire  
  93  6:29  Extractor x2, Drone  
  93  6:30  Drone  
  92  6:34  Zergling x4  
  92  6:35  Drone  
  92  6:37  Extractor  
  92  6:38  Overlord  
  94  6:43  Drone x6  
  94  6:45  Drone x2  
  102  6:51  Zerg Melee Weapons Level 1  
  102  6:58  Zerg Missile Weapons Level 1  
  102  6:59  Hatchery  
  102  7:00  Queen  
  101  7:14  Queen  
  96  7:15  Zergling x2  
  96  7:16  Zergling x18  
  102  7:25  Drone x3  
  102  7:28  Drone x2  
  91  7:36  Drone  
  92  7:37  Drone  
  92  7:38  Drone  
  92  7:39  Drone x2  
  96  7:44  Corruptor  
  96  7:45  Roach Warren  
  96  7:47  Corruptor  
  96  7:50  Corruptor x2  
  99  7:58  Corruptor x2  
  99  7:59  Corruptor  
  99  8:03  Drone x3  
  108  8:06  Zerg Flyer Weapons Level 1  
  108  8:09  Overlord  
  108  8:10  Drone x2  
  110  8:14  Corruptor  
  112  8:21  Corruptor x2  
  111  8:27  Drone x6  
  111  8:29  Drone  
  111  8:32  Drone x3  
  120  8:38  Corruptor  
  120  8:39  Overlord  
  122  8:44  Glial Reconstitution  
  122  8:53  Corruptor  
  122  8:54  Corruptor  
  126  8:58  Zerg Missile Weapons Level 2  
  126  9:01  Roach x2  
  130  9:03  Roach x4  
  130  9:04  Overlord, Roach  
  140  9:13  Overseer  
  139  9:18  Corruptor x2  
  139  9:21  Hatchery  
  139  9:23  Roach x4  
  150  9:25  Overlord  
  150  9:30  Zerg Melee Weapons Level 2  
  150  9:32  Drone  
  150  9:33  Infestation Pit  
  149  9:44  Corruptor  
  150  9:46  Drone x9  
  150  9:51  Overlord  
  159  9:56  Overlord  
  159  10:05  Ravager x2  
  159  10:09  Extractor, Overlord x2  
  159  10:11  Drone x4  
  159  10:14  Zergling x10, Centrifical Hooks  
  167  10:15  Hatchery  
  167  10:16  Zerg Flyer Weapons Level 2  
  165  10:21  Roach x2  
  165  10:22  Zergling x10, Roach  
  165  10:26  Overlord  
  176  10:30  Zergling x16  
  176  10:34  Hive  
  179  10:43  Zergling x8, Roach x3  
  179  10:44  Zergling x2  
  179  10:46  Overlord  
  179  10:49  Baneling  
  190  10:50  Baneling x10  
  190  10:51  Overlord  
  186  11:04  Baneling x2  
  186  11:05  Baneling  
  186  11:09  Ravager x3  
  186  11:10  Corruptor x3  
  195  11:15  Overlord  
  191  11:21  Overlord  
  179  11:33  Zergling x38  
  179  11:38  Ravager x3  
  190  11:43  Overlord  
  185  11:51  Zergling x16  
  169  11:54  Roach  
  165  12:05  Zergling x4, Roach x2  
  165  12:07  Baneling x7  
  171  12:08  Zerg Missile Weapons Level 3  
  171  12:09  Hatchery, Zerg Melee Weapons Level 3  
  171  12:14  Roach x3  
  174  12:16  Extractor, Viper, Hatchery  
  174  12:22  Baneling x7  
  175  12:23  Zergling x6  
  173  12:33  Zergling x2, Roach  
  173  12:34  Zergling x14  
  181  12:40  Zergling x10  
  181  12:46  Zergling x2  
  181  12:50  Zergling x6  
  183  12:53  Baneling x13, Overlord  
  182  13:03  Zergling x6, Roach x4  
  182  13:04  Overlord  
  178  13:08  Zergling x8, Roach  
  178  13:10  Adrenal Glands  
  179  13:13  Zergling x2  
  179  13:15  Zergling x4  
  179  13:22  Queen  
  179  13:24  Ravager x2  
  175  13:27  Drone  
  175  13:28  Drone x7  
  175  13:30  Zergling x4  
  178  13:36  Zergling x2, Roach x3  
  178  13:37  Zergling x2  
  178  13:41  Zergling x6  
  188  13:47  Zergling x8  
  191  13:50  Ravager x3  
  191  13:52  Drone x2  
  196  13:58  Zergling x6  
  196  14:10  Hatchery  
  196  14:13  Zergling x22  
  196  14:19  Zergling x6  
  193  14:26  Zergling x2, Roach x2  
  193  14:27  Queen  
  193  14:30  Zergling x2  
  183  14:36  Roach x3  
  178  14:39  Roach  
  178  14:44  Baneling x13  
  178  14:45  Ravager x4  
  183  14:49  Ravager  
  183  14:50  Hatchery, Ravager  
  183  14:52  Roach x4  
  192  14:53  Zergling x2  
  191  15:11  Zergling x2  
  191  15:12  Zergling x20  
  194  15:20  Roach x2  
  189  15:27  Zergling x4, Roach x2  
  174  15:39  Ravager x4  
  174  15:40  Zergling x12  
  184  15:43  Queen  
  186  15:50  Hatchery  
  186  15:52  Zergling x8  
  186  15:54  Baneling x11  
  186  15:56  Ravager x2  
  187  15:58  Zergling x2  
  187  16:03  Baneling x5  
  187  16:04  Baneling x2  
  181  16:12  Zergling x12  
  181  16:16  Zergling x2, Roach  
  181  16:17  Zergling x2  
  189  16:22  Zergling x6  
  187  16:26  Roach x2  
  191  16:36  Baneling x15  
  191  16:41  Hatchery  
  189  16:49  Zergling x14  
  193  17:00  Zergling x14  
  158  17:11  Roach x4  
  158  17:14  Evolution Chamber  
  159  17:17  Roach x3  
  155  17:26  Roach x3  
  155  17:30  Roach  
  155  17:35  Roach x2  
  147  17:43  Roach x2  
Show
View Real Time Build Order
Export as new Build Order

maru Terran - Winner!

Build Orders: Reaper Expand 

Get SALT Encoding   

  12  0:00  SCV  
  13  0:12  SCV  
  14  0:17  Supply Depot  
  14  0:24  SCV  
  15  0:39  SCV  
  15  0:41  Barracks  
  16  0:43  Refinery  
  16  0:51  SCV  
  17  1:03  SCV  
  18  1:15  SCV  
  19  1:28  Reaper, Orbital Command  
  20  1:38  Command Center  
  20  1:49  Supply Depot  
  20  1:53  SCV  
  21  1:59  Marine  
  22  2:05  SCV  
  22  2:07  Factory  
  23  2:13  Refinery  
  23  2:17  SCV  
  23  2:21  Barracks Reactor  
  24  2:29  SCV  
  25  2:42  SCV  
  26  2:52  Orbital Command, Starport  
  26  2:54  SCV  
  27  3:02  Hellion x2  
  31  3:06  SCV  
  32  3:18  SCV x2  
  34  3:24  Hellion x2  
  34  3:25  Supply Depot  
  38  3:29  Fusion Core  
  38  3:30  SCV x2  
  38  3:32  Starport Tech Lab  
  38  3:34  Marine  
  41  3:42  SCV x2  
  43  3:52  Supply Depot  
  43  3:54  SCV x2  
  45  4:06  SCV x2  
  45  4:07  Command Center  
  47  4:18  SCV  
  47  4:21  Battlecruiser  
  47  4:23  SCV  
  55  4:26  Hellion x2  
  55  4:29  Supply Depot  
  55  4:31  SCV  
  60  4:35  SCV  
  61  4:39  Refinery  
  61  4:40  Refinery  
  61  4:43  SCV  
  62  4:51  SCV, Hellion x2  
  67  4:55  SCV  
  68  5:03  SCV, Supply Depot  
  69  5:07  SCV  
  69  5:12  Factory x2  
  70  5:19  SCV x2, Hellion  
  70  5:21  Orbital Command  
  74  5:31  SCV x2  
  74  5:33  Battlecruiser  
  80  5:43  SCV x2  
  80  5:45  Hellion x2  
  84  5:55  SCV, Weapon Refit  
  84  5:56  Orbital Command  
  85  5:57  Factory Tech Lab x2  
  85  6:01  SCV  
  85  6:06  Hellion  
  85  6:07  SCV  
  85  6:11  Supply Depot  
  88  6:13  Supply Depot  
  88  6:14  SCV  
  89  6:22  SCV x2  
  91  6:26  SCV  
  95  6:32  Cyclone  
  95  6:33  Cyclone  
  95  6:34  SCV, Engineering Bay  
  99  6:41  SCV  
  99  6:43  Armory  
  99  6:44  Armory  
  99  6:45  SCV  
  101  6:49  Refinery x2  
  101  6:52  Supply Depot  
  101  6:53  Hellion  
  103  6:55  Hellion  
  103  6:56  SCV  
  103  6:58  SCV  
  103  7:00  SCV  
  108  7:07  Cyclone  
  109  7:13  SCV x3  
  100  7:23  Cyclone  
  100  7:25  SCV x3  
  100  7:28  Hellion x2  
  104  7:33  Supply Depot, Battlecruiser  
  104  7:35  Terran Vehicle Weapons Level 1  
  104  7:37  SCV x3, Terran Vehicle And Ship Armor Level 1  
  110  7:39  Cyclone  
  116  7:49  SCV x3  
  113  7:52  Factory  
  113  7:53  Hellion, Factory  
  115  7:58  Command Center  
  115  8:01  SCV x3, Widow Mine  
  115  8:02  Missile Turret  
  115  8:03  Missile Turret  
  115  8:05  Supply Depot, Missile Turret  
  123  8:13  SCV  
  124  8:22  Supply Depot  
  124  8:24  Missile Turret  
  124  8:25  Supply Depot  
  129  8:27  Widow Mine  
  129  8:29  Infernal Pre-Igniter  
  129  8:33  Missile Turret  
  118  8:34  Siege Tank  
  118  8:35  Siege Tank, Missile Turret, Mag-Field Accelerator  
  118  8:36  Factory Tech Lab  
  118  8:37  Factory Reactor, SCV x2  
  123  8:44  Hellion  
  123  8:47  Battlecruiser  
  131  8:52  Supply Depot  
  131  8:53  Hellion  
  133  8:59  Siege Tank  
  136  9:05  Hellion  
  138  9:16  Thor  
  144  9:18  Hellion x3  
  144  9:19  Hellion  
  144  9:20  SCV x3  
  144  9:22  Supply Depot x2  
  155  9:29  Supply Depot x2  
  155  9:31  Terran Vehicle And Ship Armor Level 2, Terran Vehicle Weapons Level 2  
  155  9:32  SCV x2  
  155  9:35  Planetary Fortress  
  157  9:39  Missile Turret  
  157  9:43  Siege Tank  
  157  9:44  Hellion  
  157  9:45  Hellion x2  
  164  9:47  Refinery  
  164  9:48  Refinery  
  164  9:50  Supply Depot  
  164  9:57  Sensor Tower  
  164  9:58  Siege Tank, Hellion  
  164  9:59  Hellion  
  171  10:08  Missile Turret  
  171  10:12  Hellion x3  
  177  10:15  Siege Tank  
  180  10:23  Command Center  
  178  10:32  Factory  
  178  10:33  Cyclone, Factory  
  178  10:34  Factory  
  181  10:39  Cyclone  
  181  10:40  Hellion  
  186  10:47  Hellion, Cyclone  
  191  10:52  Hellion  
  185  11:04  Hellion  
  185  11:05  Siege Tank  
  185  11:11  Siege Tank, Hellion  
  193  11:19  Siege Tank  
  193  11:20  Hellion  
  200  11:26  Factory Reactor, Hellion, Factory Tech Lab  
  200  11:27  Factory Tech Lab  
  200  11:31  Command Center  
  196  11:37  Siege Tank  
  196  11:39  Hellion x2  
  190  11:44  Siege Tank  
  190  11:45  Cyclone x2  
  199  11:48  Command Center  
  199  11:51  Siege Tank  
  181  11:58  Hellion  
  181  11:59  Hellion  
  181  12:00  Hellion  
  162  12:09  Siege Tank  
  162  12:12  Starport Tech Lab  
  162  12:15  Hellion x3  
  165  12:16  Siege Tank  
  165  12:17  Cyclone x2  
  165  12:20  Hellion  
  165  12:22  Planetary Fortress  
  176  12:23  Siege Tank  
  179  12:33  Missile Turret  
  179  12:36  Missile Turret  
  179  12:41  Cyclone  
  179  12:44  Hellion  
  179  12:45  Hellion  
  179  12:48  Cyclone  
  179  12:49  Cyclone x2  
  190  12:52  Missile Turret  
  190  12:56  Cyclone  
  193  13:03  Terran Vehicle Weapons Level 3  
  172  13:13  Cyclone  
  172  13:17  Hellion x4  
  177  13:20  Hellion, Cyclone  
  177  13:21  Cyclone, Command Center  
  177  13:22  Cyclone  
  180  13:28  Orbital Command x2, Cyclone  
  180  13:30  Refinery  
  180  13:32  Refinery  
  174  13:39  Hellion  
  176  13:45  Cyclone  
  179  13:52  Cyclone  
  179  13:53  Hellion x4, Cyclone  
  179  13:54  Cyclone  
  196  14:00  Cyclone  
  199  14:09  Hellion  
  195  14:14  Hellion  
  167  14:18  Siege Tank  
  167  14:23  Hellion x2  
  158  14:24  Siege Tank  
  158  14:26  Siege Tank x2  
  158  14:29  Hellion  
  169  14:32  Siege Tank  
  168  14:40  Hellion x3  
  168  14:44  Hellion  
  168  14:45  Hellion  
  173  14:50  Siege Tank, Hellion  
  178  14:56  Siege Tank  
  178  14:58  Siege Tank x2  
  187  15:01  Hellion x2  
  187  15:04  Cyclone  
  194  15:13  Hellion  
  190  15:20  Hellion  
  170  15:22  Siege Tank, Hellion  
  170  15:27  Hellion  
  160  15:28  Siege Tank  
  160  15:30  Siege Tank x2  
  157  15:36  Siege Tank  
  157  15:38  Planetary Fortress, Missile Turret  
  157  15:40  Missile Turret x2  
  160  15:47  Missile Turret  
  160  15:52  Missile Turret  
  160  15:53  Missile Turret  
  160  15:54  Siege Tank  
  163  16:00  Cyclone  
  163  16:02  Cyclone x2  
  172  16:07  Hellion  
  172  16:08  Cyclone  
  177  16:16  Hellion x4  
  185  16:20  Hellion  
  187  16:26  Cyclone  
  190  16:32  Cyclone  
  190  16:34  Cyclone x2  
  199  16:40  Command Center  
  199  16:46  Cyclone  
  199  16:58  Cyclone  
  175  17:01  Hellion  
  175  17:02  Orbital Command  
  175  17:05  Cyclone  
  175  17:06  Siege Tank, Cyclone  
  169  17:12  Hellion x2  
  167  17:16  Hellion x2  
  167  17:18  Siege Tank  
  171  17:24  Hellion x2  
  169  17:30  Cyclone  
  169  17:34  Hellion x2  
  168  17:37  Hellion  
  168  17:38  Hellion, Missile Turret  
Tags
 
Add a new tag
Caveats
  • Supply blocks, unpowered buildings, or Contaminate may cause inaccurate times.
  • Supply counts are checked every 10 seconds.